 Dungeon Crawl Stone Soup version 0.22-a0-181-gb22368a (webtiles) character file.

399 Alarkh the Cudgeler (level 6, -5/37 HPs)
             Began as a Gargoyle Monk on Feb 14, 2018.
             Killed by divine providence
             ... invoked by an orc priest
              (15 damage)
             ... on level 5 of the Dungeon.
             The game lasted 00:03:15 (3119 turns).

Alarkh the Cudgeler (Gargoyle Monk)                 Turns: 3119, Time: 00:03:16

Health: -5/37      AC: 12    Str: 14    XL:     6   Next: 84%
Magic:  6/6        EV:  6    Int: 13    God:
Gold:   224        SH:  0    Dex: 12    Spells: 5/5 levels left

rFire    . . .     SeeInvis .   m - +1 mace (crush)
rCold    . . .     Gourm    .   (no shield)
rNeg     + . .     Faith    .   g - +0 chain mail
rPois    ∞         Spirit   .   (no helmet)
rElec    +         Reflect  .   (no cloak)
rCorr    .         Harm     .   (no gloves)
MR       .....                  (no boots)
Stlth    ..........             (no amulet)
HPRegen  0.12/turn              (no ring)
MPRegen  0.10/turn              (no ring)

@: no status effects
A: negative energy resistance 1, electricity resistance, unbreathing,
petrification resistance, rot immunity, AC +4
a: no special abilities


You were on level 5 of the Dungeon.
You were not hungry.

You visited 1 branch of the dungeon, and saw 5 of its levels.

You collected 224 gold pieces.

Inventory:

Hand Weapons
 a - a +0 mace
 m - a +1 mace of crushing (weapon)
Armour
 b - a +0 robe
 g - a +0 chain mail (worn)
Wands
 r - a wand of random effects (44)
 w - a wand of disintegration (15)
Scrolls
 e - a scroll of identify
 f - 2 scrolls of immolation {unknown}
 i - 2 scrolls of blinking
 l - a scroll of enchant weapon {unknown}
 p - 5 scrolls of magic mapping
 q - a scroll of teleportation
 t - a scroll of amnesia {unknown}
 v - a scroll of remove curse
Potions
 h - 2 potions of ambrosia
 j - a potion of haste
 k - 2 potions of curing
 n - 2 potions of berserk rage {unknown}
 o - a potion of agility {unknown}
 s - a potion of degeneration {unknown}
 x - a potion of flight {unknown}
 z - a potion of invisibility {unknown}
Books
 u - a book of Conjurations

   Spells                             Type                      Level
   a - Magic Dart                     Conjuration                  1
   b - Searing Ray                    Conjuration                  2
   c - Dazzling Spray                 Conjuration/Hexes            3
   d - Fulminant Prism                Conjuration/Hexes            4
   e - Force Lance                    Conjuration/Translocation    4
   f - Iskenderun's Mystic Blast      Conjuration                  4
Comestibles
 c - 8 rations
 A - 7 chunks of flesh


   Skills:
 - Level 3.2 Fighting
 + Level 7.5 Maces & Flails
 - Level 2.4 Dodging
 - Level 2.1 Stealth


You had 5 spell levels left.
You didn't know any spells.

Dungeon Overview and Level Annotations

Branches:
Dungeon (5/15)
 Temple: D:4-7

Altars:
Elyvilon
Wu Jian
Xom


Innate Abilities, Weirdness & Mutations

You are resistant to torment.
Your stone body is resilient. (AC +4)
You are immune to poison.
You resist negative energy. (rN+)
You are resistant to electric shocks. (rElec)
You can survive without breathing.
You are immune to petrification.
You are immune to rotting.


Message History

Some rock shatters into small pieces.
The bullfrog skeleton moves out of view.
The orc priest moves out of view.
You hit the gnoll but do no damage.
The gnoll is moderately wounded.
The gnoll hits you with a flail!
You are too injured to fight recklessly!
You are too injured to fight recklessly!
It was a potion of curing.
You feel better. The gnoll barely misses you.
A gnoll comes into view.
You hit the gnoll.
The gnoll is severely wounded.
The gnoll hits you but does no damage.
The orc priest mumbles some strange prayers to Beogh against you.
Beogh smites you!
* * * LOW HITPOINT WARNING * * *
Okay, then.
The orc priest calls down the wrath of Beogh upon you.
Beogh smites you!
You die...

#######
#########.....####
#.............[...
#.#######..)..####
#.# #.....#### #.#
#......... #.#
#......... #@#
#......... #g#
#####..... #.#
#.....
...'..o)...#
######
...####Z#.## ....#
g>. . ..##### ..


You could see an orc priest, 2 gnolls and a bullfrog skeleton.

Vanquished Creatures
  Duvessa (D:5)
  Dowan (D:5)
  A crimson imp (D:5)
  Natasha (D:3)
  An iguana (D:4)
  2 orc wizards (D:5)
  A worker ant (D:4)
  A gnoll (D:5)
  2 adders (D:3)
  An ooze (D:1)
  An adder skeleton (D:3)
  3 worms
  4 leopard geckos
  3 orcs
  A ball python (D:3)
  4 giant cockroaches
  2 goblins
  3 hobgoblins
  5 jackals
  5 kobolds
  A quokka (D:5)
  9 bats
  3 frilled lizards
  A leopard gecko skeleton (D:4)
  A quokka skeleton (D:4)
  2 rats
60 creatures vanquished.

Notes
Turn   | Place    | Note
-------+----------+-------------------------------------------
     0 | D:1      | Alarkh the Gargoyle Monk began the quest for the Orb.
     0 | D:1      | Reached XP level 1. HP: 14/14 MP: 1/1
   339 | D:1      | Reached XP level 2. HP: 14/19 MP: 2/2
   623 | D:1      | Reached skill level 4 in Maces & Flails
  1106 | D:2      | Found an ornate altar of the Wu Jian Council.
  1139 | D:2      | Reached XP level 3. HP: 23/23 MP: 3/3
  1776 | D:3      | Reached XP level 4. HP: 26/28 MP: 4/4
  1977 | D:3      | Reached skill level 5 in Maces & Flails
  2274 | D:3      | Noticed Natasha
  2281 | D:3      | Killed Natasha
  2450 | D:4      | Reached XP level 5. HP: 29/32 MP: 5/5
  2708 | D:4      | Found a shimmering altar of Xom.
  2779 | D:4      | Found a white marble altar of Elyvilon.
  2880 | D:5      | Entered Level 5 of the Dungeon
  2943 | D:5      | Reached skill level 6 in Maces & Flails
  3029 | D:5      | Reached XP level 6. HP: 34/37 MP: 6/6
  3033 | D:5      | Noticed Duvessa
  3050 | D:5      | Killed Duvessa
  3050 | D:5      | Reached skill level 7 in Maces & Flails
  3051 | D:5      | Noticed Dowan
  3075 | D:5      | Killed Dowan
  3119 | D:5      | Killed from afar by an orc priest

Vault maps used:
D:1:      saegor_arrival_simple_b
D:2:      lemuel_crystal_altar, serial_bayou, serial_bayou_lake_a,
          serial_bayou_pond_c, serial_bayou_ford_a, serial_bayou_pond_a,
          st_stairs_7
D:3:      first_ration, glass_columns_c, uniq_natasha
D:4:      marbit_many_paths, xom_butterflies
D:5:      fedhas_altar_4, uniq_duvessa

Skill      XL: |  1  2  3  4  5  6 |
---------------+-------------------+-----
Maces & Flails | 4 5 6 7 |  7.5
Fighting       | |  3.2
Dodging        | |  2.4
Stealth        | |  2.1

Action                   |  1- 3 |  4- 6 || total
-------------------------+-------+-------++-------
Melee: Mace              |   148 |   136 ||   284
  Use: Scroll            |     2 |     5 ||     7
       Potion            |       |     2 ||     2
  Eat: Chunk             |     3 |     5 ||     8
Armor: Chain mail        |   122 |    85 ||   207
       Robe              |     8 |       ||     8
Dodge: Dodged            |    64 |    31 ||    95

Table legend:
 A = Spawn XP
 B = Non-spawn XP
 C = Spawn XP percentage of total XP
 D = Spawn monster count
 E = Non-spawn monster count
 F = Spawn count percentage of total count
 G = Total turns spent on level
                    A         B        C        D         E        F      G
               +---------+---------+-------+---------+---------+-------+---------
         Total |       0 |     571 |   0.0 |       0 |      60 |   0.0 |  3119
               +---------+---------+-------+---------+---------+-------+---------
           D:1 |       0 |      31 |   0.0 |       0 |      16 |   0.0 |  1060
           D:2 |       0 |      23 |   0.0 |       0 |      12 |   0.0 |   656
           D:3 |       0 |     100 |   0.0 |       0 |      18 |   0.0 |   706
           D:4 |       0 |      75 |   0.0 |       0 |       5 |   0.0 |   458
           D:5 |       0 |     342 |   0.0 |       0 |       9 |   0.0 |   239
               +---------+---------+-------+---------+---------+-------+---------
